 Dungeon Crawl Stone Soup version 0.15-a0-1788-ga796aff (webtiles) character file.

670 JogiH the Magician (level 7, -15/50 HPs)
             Began as a Formicid Wizard on June 29, 2014.
             Was a Believer of Cheibriados.
             Demolished by an ogre
             ... wielding a +0 giant club
              (23 damage)
             ... on Level 5 of the Dungeon.
             The game lasted 00:25:29 (4257 turns).

JogiH the Magician (Formicid Wizard)                Turns: 4257, Time: 00:25:29

HP -15/50        AC  5     Str 21      XL: 7   Next: 89%
MP  17/20        EV 13     Int 25      God: Cheibriados [**....]
Gold 189         SH  0     Dex 14      Spells:  4 memorised,  7 levels left

rFire  . . .     SeeInvis +     F - +1 flail (holy)
rCold  . . .     Clarity  .     a - +0 robe
rNeg   . . .     rCorr    .     (no shield)
rPois  .         rRot     .     (helmet unavailable)
rElec  .         Spirit   .     (no cloak)
SustAb .         Warding  .     g - +2 pair of gloves
rMut   .         Stasis   +     (no boots)
Gourm  .                        (no amulet)
MR     .....                    h - +5 ring of strength
                                b - ring of wizardry

@: very slow, not resistant to hostile enchantments, fairly stealthy
A: permanent stasis, dig shafts and tunnels, four strong arms, antennae 3
a: Dig, Shaft Self, Bend Time, Renounce Religion


You were on level 5 of the Dungeon.
You worshipped Cheibriados.
Cheibriados was pleased with you.
You were hungry.

You visited 2 branches of the dungeon, and saw 7 of its levels.

You collected 189 gold pieces.

Inventory:

Hand weapons
 F - a +1 flail of holy wrath (weapon)
Armour
 a - a +0 robe (worn)
 g - a +2 pair of gloves (worn)
Magical devices
 A - a wand of paralysis (17) {unknown}
 B - a wand of slowing (9) {unknown}
Comestibles
 d - 3 bread rations
 f - a chunk of goblin flesh
 p - 4 fruits
 C - 3 meat rations
 E - a chunk of human flesh
Scrolls
 i - a scroll of recharging {unknown}
 j - a scroll of amnesia {unknown}
 m - a scroll of remove curse
 n - 4 scrolls of identify {unknown}
 r - a scroll of fear {unknown}
 s - a scroll of blinking {unknown}
 t - 2 scrolls of magic mapping {unknown}
 v - 3 scrolls of teleportation {unknown}
 y - a scroll of immolation {unknown}
 G - a scroll of enchant weapon {unknown}
Jewellery
 b - a ring of wizardry (left hand)
 h - a +5 ring of strength (right hand)
 u - an uncursed ring of flight
Potions
 e - a potion of degeneration {unknown}
 k - 2 potions of curing {unknown}
 l - 2 potions of mutation {unknown}
 o - 3 potions of heal wounds {unknown}
 q - 3 potions of brilliance {unknown}
 w - a potion of flight {unknown}
 x - 2 potions of poison {unknown}
 z - a potion of berserk rage {unknown}
 D - a potion of restore abilities {unknown}
Books
 c - a book of Minor Magic

   Spells                             Type                      Level
   *Magic Dart                        Conjuration                  1
   Blink                              Translocation                2
   *Call Imp                          Summoning                    2
   Repel Missiles                     Charms/Air                   2
   Slow                               Hexes                        2
   *Conjure Flame                     Conjuration/Fire             3
   *Mephitic Cloud                    Conjuration/Poison/Air       3


   Skills:
 * Level 2.1 Fighting
 + Level 3.1 Dodging
 * Level 4.0 Stealth
 + Level 5.2 Spellcasting
 * Level 3.7 Conjurations
 - Level 1.0 Summonings
   Level 0.8 Translocations
 * Level 1.9 Fire Magic
 - Level 1.1 Air Magic
 - Level 1.3 Poison Magic


You had 7 spell levels left.
You knew the following spells:

 Your Spells              Type           Power        Failure   Level  Hunger
a - Magic Dart            Conj           ####         1%          1    None
b - Call Imp              Summ           ##......     4%          2    None
c - Conjure Flame         Conj/Fire      ###.....     4%          3    ##.....
d - Mephitic Cloud        Conj/Pois/Air  ###.....     4%          3    ##.....


Dungeon Overview and Level Annotations

Branches:
Dungeon (6/15)             Temple (1/1) D:4

Altars:
Cheibriados
Okawaru


Innate Abilities, Weirdness & Mutations

Your are under a permanent stasis effect.
You can dig through walls and to a lower floor.
Your four strong arms can wield two-handed weapons with a shield.
You have a pair of large antennae on your head (SInv).


Message History

An orc comes into view. It is wielding a short sword.
The bat closely misses you. The bat barely misses you. The ogre misses you.
The bat misses you. The bat closely misses you. The bat barely misses you.
The bat hits you. The ogre hits you with a giant club!!
* * * LOW HITPOINT WARNING * * *
The bat hits you but does no damage.
Things that are here:
a scale mail; a +0 spear; the human skeleton of Edmund
Casting: Magic Dart
Confirm with . or Enter, or press ? or * to list all spells.
Okay, then.
Use which ability? (? or * to list) Are you sure you want to shaft yourself?
You are feeling hungry.
The bat barely misses you. The bat hits you but does no damage.
You begin to dig a shaft.
You continue digging a shaft.
The bat hits you but does no damage. The ogre hits you with a giant club!!
You die...

... ...............##.....
..# ....................#
..##########.........(..###.
...#.........................
...#.#######...........####.
...#.#...#######.......####
.>....(.....................
.
..##.#.#......#.bO...#......
..
...#....)####.##@#####....o.
... ####..............#
...... ....
..................# {
...#.#....
.....#.#####......# {
...#.#....
..................#
...........
.#####+#####......#
.......... . #......#####
.........
...#####......###.#.....#
..................#.....#


You could see an ogre and a bat.

Vanquished Creatures
  Edmund (D:5)
  The ghost of dhhex the Ruinous, an average DrCj (D:3)
  Blork the orc (D:5)
  A giant frog (D:3)
  A crimson imp (D:5)
  An orc wizard (D:3)
  3 worker ants
  An iguana (D:4)
  7 adders
  2 gnolls (D:6)
  A giant mite (D:2)
  A worm (D:3)
  An orc skeleton (D:4)
  7 orcs
  3 ball pythons (D:1)
  6 giant cockroaches
  13 goblins
  6 hobgoblins
  3 quokkas
  16 bats
  A giant gecko (D:3)
  A giant gecko zombie (D:5)
  8 giant newts
  A goblin skeleton (D:4)
  7 jackals
  A jackal skeleton (D:5)
  8 kobolds
  10 rats
113 creatures vanquished.

Vanquished Creatures (collateral kills)
  A goblin (D:2)
1 creature vanquished.

Grand Total: 114 creatures vanquished

Notes
Turn   | Place    | Note
--------------------------------------------------------------
     0 | D:1      | JogiH, the Formicid Wizard, began the quest for the Orb.
     0 | D:1      | Reached XP level 1. HP: 13/13 MP: 4/4
    35 | D:1      | Reached skill level 1 in Conjurations
   182 | D:1      | Reached XP level 2. HP: 14/19 MP: 5/7
   267 | D:1      | Learned a level 2 spell: Call Imp
   535 | D:2      | Reached XP level 3. HP: 20/24 MP: 5/9
   569 | D:2      | Learned a level 3 spell: Conjure Flame
   573 | D:2      | Learned a level 3 spell: Mephitic Cloud
  1118 | D:2      | Reached XP level 4. HP: 30/30 MP: 6/11
  1226 | D:3      | Reached skill level 1 in Poison Magic
  1231 | D:3      | Found an iron altar of Okawaru.
  1308 | D:3      | Reached skill level 4 in Spellcasting
  1572 | D:3      | Noticed dhhex's ghost (average DrCj)
  1827 | D:2      | Reached XP level 5. HP: 19/35 MP: 15/15
  1964 | D:2      | Found a snail-covered altar of Cheibriados.
  1973 | D:2      | Became a worshipper of Cheibriados the Contemplative
  2380 | D:3      | Noticed a giant frog
  2403 | D:3      | Killed a giant frog
  2403 | D:3      | Reached skill level 1 in Fire Magic
  2403 | D:3      | Reached XP level 6. HP: 38/42 MP: 0/17
  2725 | D:3      | Killed dhhex's ghost
  2725 | D:3      | Reached skill level 1 in Fighting
  2725 | D:3      | Reached skill level 1 in Air Magic
  3406 | D:5      | Entered Level 5 of the Dungeon
  3423 | D:4      | Reached XP level 7. HP: 48/48 MP: 2/18
  3641 | D:4      | Found a staircase to the Ecumenical Temple.
  3657 | Temple   | Entered the Ecumenical Temple
  3690 | D:5      | Noticed Blork the orc
  3722 | D:5      | Killed Blork the orc
  3972 | D:6      | Reached skill level 5 in Spellcasting
  4120 | D:5      | Noticed Edmund
  4129 | D:5      | Killed Edmund
  4257 | D:5      | Demolished by an ogre

Action                   |  1- 3 |  4- 6 |  7- 9 || total
-------------------------+-------+-------+-------++-------
Melee: Unarmed           |    12 |       |       ||    12
       Spear             |    61 |   111 |    23 ||   195
       Flail             |       |       |     3 ||     3
 Cast: Magic Dart        |    51 |   115 |    61 ||   227
       Call Imp          |     2 |     1 |       ||     3
       Mephitic Cloud    |       |     5 |     5 ||    10
       Conjure Flame     |       |     9 |     3 ||    12
 Abil: Shaft Self        |       |       |     1 ||     1
  Use: Scroll            |       |     1 |       ||     1
 Stab: Confused          |       |       |     1 ||     1
